| TOP OF THE 1ST |
|
Southern Maryland Blue Crabs batting - Pitching for Chester Pirates : LHP Tommy Tallent
|
|
Pitching: LHP Tommy Tallent
|
|
|
Batting: RHB Eddie Morin
|
0-0: Foul Ball, location: 2F 0-1: Ground out U3 (Groundball, 3, EV 81.9 MPH)
|
|
Batting: LHB Stu Proulx
|
0-0: Swinging Strike 0-1: Ball 1-1: Foul Ball, location: 2F 1-2: Strikes out swinging
|
|
Batting: RHB Oscar Chapa
|
0-0: Ball 1-0: Foul Ball, location: 2F 1-1: Foul Ball, location: 2F 1-2: Ground out U3 (Groundball, 3L, EV 87.5 MPH)
|
| Top of the 1st over - 0 runs, 0 hits, 0 errors, 0 left on base; Southern Maryland 0 - Chester 0 |
| BOTTOM OF THE 1ST |
|
Chester Pirates batting - Pitching for Southern Maryland Blue Crabs : RHP Ju-wei Chi
|
|
Pitching: RHP Ju-wei Chi
|
|
|
Batting: RHB Edwardo Tanchez
|
0-0: Fly out, F4 (Popup, 34, EV 67.5 MPH)
|
|
Batting: LHB Dave Cook
|
0-0: Ball 1-0: Foul Ball, location: 2F 1-1: Fly out, F8 (Line Drive, 8LM, EV 98.8 MPH)
|
|
Batting: RHB Zach Chmieleski
|
0-0: Ball 1-0: Ball 2-0: Ball 3-0: Base on Balls
|
|
Batting: SHB Mike Corley
|
0-0: Foul Ball, location: 2F 0-1: Ball 1-1: Ball 2-1: 2-RUN HOME RUN (Line Drive, 89XD, EV 115.6 MPH), Distance : 433 ft
|
|
Batting: LHB Tommie Benefield
|
0-0: Called Strike 0-1: Ball 1-1: Called Strike 1-2: Strikes out swinging
|
| Bottom of the 1st over - 2 runs, 1 hit, 0 errors, 0 left on base; Southern Maryland 0 - Chester 2 |
| TOP OF THE 2ND |
|
Southern Maryland Blue Crabs batting - Pitching for Chester Pirates : LHP Tommy Tallent
|
|
Batting: RHB Josh Ludwig
|
0-0: Ball 1-0: Called Strike 1-1: Foul Ball, location: 2F 1-2: Strikes out swinging
|
|
Batting: SHB John Hiles
|
0-0: Ball 1-0: Foul Ball, location: 2F 1-1: Foul Ball, location: 2F 1-2: Strikes out swinging
|
|
Batting: LHB Taylor Plummer
|
0-0: Fly out, F7 (Flyball, 78M, EV 92.5 MPH)
|
| Top of the 2nd over - 0 runs, 0 hits, 0 errors, 0 left on base; Southern Maryland 0 - Chester 2 |
| BOTTOM OF THE 2ND |
|
Chester Pirates batting - Pitching for Southern Maryland Blue Crabs : RHP Ju-wei Chi
|
|
Batting: SHB Nathan Clement
|
0-0: Called Strike 0-1: Swinging Strike 0-2: Ball 1-2: Strikes out swinging
|
|
Batting: RHB Hugo Montemayor
|
0-0: Ball 1-0: Ball 2-0: Ground out 1-3 (Groundball, 13, EV 61.2 MPH)
|
|
Batting: LHB Ernesto Gasca
|
0-0: Ground out 1-3 (Groundball, 13S, EV 75.6 MPH)
|
| Bottom of the 2nd over - 0 runs, 0 hits, 0 errors, 0 left on base; Southern Maryland 0 - Chester 2 |
| TOP OF THE 3RD |
|
Southern Maryland Blue Crabs batting - Pitching for Chester Pirates : LHP Tommy Tallent
|
|
Batting: RHB Jeff Parlo
|
0-0: SOLO HOME RUN (Flyball, 7D, EV 98.8 MPH), Distance : 392 ft
|
|
Batting: RHB Mike King
|
0-0: Ball 1-0: Ball 2-0: Ball 3-0: Called Strike 3-1: Ground out U3 (Groundball, 3L, EV 101.9 MPH)
|
|
Batting: RHB Tyler Cohen
|
0-0: Fly out, F9 (Flyball, 89M, EV 88.1 MPH)
|
|
Batting: RHB Eddie Morin
|
0-0: Ball 1-0: Called Strike 1-1: Ball 2-1: Ball 3-1: Swinging Strike 3-2: Ground out 6-3 (Groundball, 6, EV 100.6 MPH)
|
| Top of the 3rd over - 1 run, 1 hit, 0 errors, 0 left on base; Southern Maryland 1 - Chester 2 |
| BOTTOM OF THE 3RD |
|
Chester Pirates batting - Pitching for Southern Maryland Blue Crabs : RHP Ju-wei Chi
|
|
Batting: RHB Zachery Loomis
|
0-0: Swinging Strike 0-1: Ball 1-1: Foul Ball, location: 2F 1-2: Ball 2-2: Foul Ball, location: 2F 2-2: Ball 3-2: Fly out, F7 (Flyball, 7, EV 92.5 MPH)
|
|
Batting: RHB Edwardo Tanchez
|
0-0: Called Strike 0-1: SINGLE (Groundball, 4S, EV 60.6 MPH) (infield hit)
|
|
Batting: LHB Dave Cook
|
0-0: Ball 1-0: Ball 2-0: Foul Ball, location: 2F 2-1: Ball 3-1: Base on Balls Edwardo Tanchez to second
|
|
Batting: RHB Zach Chmieleski
|
0-0: Foul Ball, location: 2F 0-1: Foul Ball, location: 2F 0-2: Ball 1-2: Ball 2-2: Fly out, F7 (Flyball, 7, EV 89.4 MPH)
|
|
Batting: SHB Mike Corley
|
0-0: Swinging Strike 0-1: Ball 1-1: Foul Ball, location: 2F 1-2: Ball 2-2: Foul Ball, location: 2F 2-2: Ball 3-2: Foul Ball, location: 2F 3-2: Foul Ball, location: 2F 3-2: Base on Balls Edwardo Tanchez to third Dave Cook to second
|
|
Batting: LHB Tommie Benefield
|
0-0: Called Strike 0-1: Foul Ball, location: 2F 0-2: Strikes out swinging
|
| Bottom of the 3rd over - 0 runs, 1 hit, 0 errors, 3 left on base; Southern Maryland 1 - Chester 2 |
| TOP OF THE 4TH |
|
Southern Maryland Blue Crabs batting - Pitching for Chester Pirates : LHP Tommy Tallent
|
|
Batting: LHB Stu Proulx
|
0-0: Called Strike 0-1: Ball 1-1: Fly out, F8 (Flyball, 78XD, EV 97.5 MPH)
|
|
Pitching: RHP Justin Rousell
|
|
|
Batting: RHB Oscar Chapa
|
0-0: Ball 1-0: Foul Ball, location: 2F 1-1: Ball 2-1: Foul Ball, location: 2F 2-2: Strikes out swinging
|
|
Batting: RHB Josh Ludwig
|
0-0: Ball 1-0: Called Strike 1-1: Foul Ball, location: 2F 1-2: Strikes out swinging
|
| Top of the 4th over - 0 runs, 0 hits, 0 errors, 0 left on base; Southern Maryland 1 - Chester 2 |
| BOTTOM OF THE 4TH |
|
Chester Pirates batting - Pitching for Southern Maryland Blue Crabs : RHP Ju-wei Chi
|
|
Batting: SHB Nathan Clement
|
0-0: Called Strike 0-1: Ball 1-1: Foul Ball, location: 2F 1-2: Ball 2-2: Strikes out looking
|
|
Batting: RHB Hugo Montemayor
|
0-0: SINGLE (Flyball, 89S, EV 89.4 MPH)
|
|
Batting: LHB Ernesto Gasca
|
0-0: Called Strike 0-1: Fly out, F9 (Flyball, 89M, EV 93.1 MPH)
|
|
Batting: RHB Zachery Loomis
|
0-0: Ball Hugo Montemayor is caught stealing 2nd base 2-4
|
| Bottom of the 4th over - 0 runs, 1 hit, 0 errors, 0 left on base; Southern Maryland 1 - Chester 2 |
| TOP OF THE 5TH |
|
Southern Maryland Blue Crabs batting - Pitching for Chester Pirates : RHP Justin Rousell
|
|
Batting: SHB John Hiles
|
0-0: SOLO HOME RUN (Flyball, 89XD, EV 105.6 MPH), Distance : 417 ft
|
|
Batting: LHB Taylor Plummer
|
0-0: Called Strike 0-1: Ball 1-1: Ball 2-1: Ball 3-1: SOLO HOME RUN (Flyball, 89XD, EV 112.5 MPH), Distance : 439 ft
|
|
Batting: RHB Jeff Parlo
|
0-0: Ball 1-0: Ball 2-0: Ground out 1-3 (Groundball, 13S, EV 66.2 MPH)
|
|
Batting: RHB Mike King
|
0-0: Called Strike 0-1: Ball 1-1: Ball 2-1: Ground out 4-3 (Groundball, 4MD, EV 108.8 MPH)
|
|
Batting: RHB Tyler Cohen
|
0-0: Ball 1-0: Foul Ball, location: 2F 1-1: Ball 2-1: DOUBLE (Flyball, 78D, EV 103.1 MPH)
|
|
Batting: RHB Eddie Morin
|
0-0: Foul Ball, location: 2F 0-1: Ball 1-1: Ball 2-1: Fly out, F8 (Flyball, 8RM, EV 93.8 MPH)
|
| Top of the 5th over - 2 runs, 3 hits, 0 errors, 1 left on base; Southern Maryland 3 - Chester 2 |
| BOTTOM OF THE 5TH |
|
Chester Pirates batting - Pitching for Southern Maryland Blue Crabs : RHP Ju-wei Chi
|
|
Batting: RHB Zachery Loomis
|
0-0: Called Strike 0-1: Ball 1-1: Called Strike 1-2: Foul Ball, location: 2F 1-2: Ground out 6-3 (Groundball, 56, EV 93.1 MPH)
|
|
Batting: RHB Edwardo Tanchez
|
0-0: Ball 1-0: Swinging Strike 1-1: Foul Ball, location: 2F 1-2: Ball 2-2: Ball 3-2: SINGLE (Line Drive, 8RS, EV 100.6 MPH)
|
|
Batting: LHB Dave Cook
|
0-0: Ball 1-0: Foul Ball, location: 2F 1-1: Foul Ball, location: 2F 1-2: Ball 2-2: Strikes out looking
|
|
Batting: RHB Zach Chmieleski
|
0-0: Called Strike 0-1: Fly out, F8 (Flyball, 8LXD, EV 108.8 MPH)
|
| Bottom of the 5th over - 0 runs, 1 hit, 0 errors, 1 left on base; Southern Maryland 3 - Chester 2 |
| TOP OF THE 6TH |
|
Southern Maryland Blue Crabs batting - Pitching for Chester Pirates : RHP Justin Rousell
|
|
Batting: LHB Stu Proulx
|
0-0: Ball 1-0: Ball 2-0: Ball 3-0: Base on Balls
|
|
Batting: RHB Oscar Chapa
|
0-0: Ball 1-0: Called Strike Stu Proulx steals 2nd base 1-1: Swinging Strike 1-2: Fly out, F7 (Flyball, 7D, EV 101.9 MPH)
|
|
Batting: RHB Josh Ludwig
|
0-0: Ball 1-0: Foul Ball, location: 2F 1-1: Ball 2-1: Foul Ball, location: 2F 2-2: Foul Ball, location: 2F 2-2: Ground out 5-3 (Groundball, 56S, EV 80.6 MPH)
|
|
Batting: SHB John Hiles
|
0-0: Called Strike 0-1: Foul Ball, location: 2F 0-2: Fly out, F8 (Flyball, 8RD, EV 93.1 MPH)
|
| Top of the 6th over - 0 runs, 0 hits, 0 errors, 1 left on base; Southern Maryland 3 - Chester 2 |
| BOTTOM OF THE 6TH |
|
Chester Pirates batting - Pitching for Southern Maryland Blue Crabs : RHP Ju-wei Chi
|
|
Batting: SHB Mike Corley
|
0-0: Ball 1-0: Foul Ball, location: 2F 1-1: Foul Ball, location: 2F 1-2: Fly out, F8 (Line Drive, 8RM, EV 97.5 MPH)
|
|
Batting: LHB Tommie Benefield
|
0-0: Ball 1-0: Ball 2-0: Ball 3-0: Called Strike 3-1: Reached on error, E6 (Groundball, 6S, EV 72.5 MPH)
|
|
Batting: SHB Nathan Clement
|
0-0: Ball 1-0: Ball 2-0: Foul Ball, location: 2F 2-1: Ball 3-1: Called Strike 3-2: Ground out 4-3 (Groundball, 4, EV 81.2 MPH) Tommie Benefield to second
|
|
Pinch Hitting: RHB Jason Rhodes
|
0-0: Foul Ball, location: 2F 0-1: Foul Ball, location: 2F 0-2: Ball 1-2: Ball 2-2: Ground out 5-3 (Groundball, 56, EV 101.2 MPH)
|
| Bottom of the 6th over - 0 runs, 0 hits, 1 error, 1 left on base; Southern Maryland 3 - Chester 2 |
| TOP OF THE 7TH |
|
Southern Maryland Blue Crabs batting - Pitching for Chester Pirates : RHP Justin Rousell
|
|
Now at 2B: Thad Shearing
|
|
|
Batting: LHB Taylor Plummer
|
0-0: Foul Ball, location: 2F 0-1: Ball 1-1: Ball 2-1: Ball 3-1: Base on Balls
|
|
Pitching: RHP Tomas Cavazos
|
|
|
Batting: RHB Jeff Parlo
|
0-0: Called Strike 0-1: Ball 1-1: Swinging Strike 1-2: Strikes out looking
|
|
Batting: RHB Mike King
|
0-0: Fielders Choice at 2nd, 6-4 (Groundball, 6, EV 92.5 MPH)
|
|
Batting: RHB Tyler Cohen
|
0-0: Ball 1-0: Called Strike 1-1: Swinging Strike 1-2: Strikes out swinging
|
| Top of the 7th over - 0 runs, 0 hits, 0 errors, 1 left on base; Southern Maryland 3 - Chester 2 |
| BOTTOM OF THE 7TH |
|
Chester Pirates batting - Pitching for Southern Maryland Blue Crabs : RHP Ju-wei Chi
|
|
Batting: RHB Rafael Galicia
|
0-0: Foul Ball, location: 2F 0-1: Fly out, F7 (Flyball, 7S, EV 75.0 MPH)
|
|
Batting: RHB Zachery Loomis
|
0-0: Ball 1-0: Ball 2-0: Ground out 5-3 (Groundball, 5, EV 90.0 MPH)
|
|
Batting: RHB Edwardo Tanchez
|
0-0: Foul Ball, location: 2F 0-1: Ball 1-1: Ball 2-1: Ball 3-1: Base on Balls
|
|
Pitching: RHP Sherwood Abernethy
|
|
|
Batting: LHB Dave Cook
|
0-0: Called Strike 0-1: Ball 1-1: Fly out, F7 (Flyball, 7D, EV 93.8 MPH)
|
| Bottom of the 7th over - 0 runs, 0 hits, 0 errors, 1 left on base; Southern Maryland 3 - Chester 2 |
| TOP OF THE 8TH |
|
Southern Maryland Blue Crabs batting - Pitching for Chester Pirates : RHP Tomas Cavazos
|
|
Batting: RHB Eddie Morin
|
0-0: Swinging Strike 0-1: Called Strike 0-2: Fly out, F7 (Flyball, 7, EV 92.5 MPH)
|
|
Batting: LHB Stu Proulx
|
0-0: Ball 1-0: Called Strike 1-1: Ball 2-1: Ball 3-1: Base on Balls
|
|
Pinch Hitting: RHB Adam Beal
|
0-0: Called Strike 0-1: Ball 1-1: Ball Stu Proulx steals 2nd base 2-1: Intentional Walk
|
|
Pinch Hitting: LHB Sam Hontz
|
0-0: Ball 1-0: Called Strike 1-1: Ball 2-1: Fielders Choice at 2nd, 1-4 (Groundball, 15S, EV 71.9 MPH) Stu Proulx to third
|
|
Batting: SHB John Hiles
|
0-0: Fielders Choice at 2nd, U6 (Groundball, 6M, EV 85.6 MPH)
|
| Top of the 8th over - 0 runs, 0 hits, 0 errors, 2 left on base; Southern Maryland 3 - Chester 2 |
| BOTTOM OF THE 8TH |
|
Chester Pirates batting - Pitching for Southern Maryland Blue Crabs : RHP Sherwood Abernethy
|
|
Now at 2B: Pedro Luera
|
|
|
Now at 3B: Willie Carmona
|
|
|
Now at SS: Eddie Morin
|
|
|
Batting: RHB Zach Chmieleski
|
0-0: Foul Ball, location: 2F 0-1: Ball 1-1: Called Strike 1-2: Ball 2-2: Fly out, F5 (Popup, 5, EV 61.9 MPH)
|
|
Batting: SHB Mike Corley
|
0-0: Fly out, F8 (Flyball, 8LD, EV 86.9 MPH)
|
|
Pinch Hitting: RHB Oscar Mora
|
0-0: Swinging Strike 0-1: Fly out, F9 (Line Drive, 9, EV 105.6 MPH)
|
| Bottom of the 8th over - 0 runs, 0 hits, 0 errors, 0 left on base; Southern Maryland 3 - Chester 2 |
| TOP OF THE 9TH |
|
Southern Maryland Blue Crabs batting - Pitching for Chester Pirates : RHP Tomas Cavazos
|
|
Now in RF: Ryan Thurston
|
|
|
Batting: LHB Taylor Plummer
|
0-0: Foul Ball, location: 2F 0-1: Ball 1-1: DOUBLE (Groundball, 3D, EV 100.6 MPH)
|
|
Batting: RHB Jeff Parlo
|
0-0: Ball Wild Pitch! Taylor Plummer to third 1-0: 2-RUN HOME RUN (Line Drive, 7LD, EV 94.4 MPH), Distance : 365 ft
|
|
Batting: RHB Mike King
|
0-0: Called Strike 0-1: Ball 1-1: Foul Ball, location: 2F 1-2: Ball 2-2: Foul Ball, location: 2F 2-2: Ball 3-2: Strikes out swinging
|
|
Batting: RHB Tyler Cohen
|
0-0: Ball 1-0: Foul Ball, location: 2F 1-1: Swinging Strike 1-2: Foul Ball, location: 2F 1-2: Ball 2-2: Ground out 5-3 (Groundball, 56, EV 76.2 MPH)
|
|
Batting: RHB Eddie Morin
|
0-0: Foul Ball, location: 2F 0-1: Swinging Strike 0-2: Ball 1-2: Ball 2-2: Foul Ball, location: 2F 2-2: Strikes out swinging
|
| Top of the 9th over - 2 runs, 2 hits, 0 errors, 0 left on base; Southern Maryland 5 - Chester 2 |
| BOTTOM OF THE 9TH |
|
Chester Pirates batting - Pitching for Southern Maryland Blue Crabs : RHP Sherwood Abernethy
|
|
Pitching: RHP Vincent Maris
|
|
|
Batting: SHB Nathan Clement
|
0-0: Swinging Strike 0-1: Swinging Strike 0-2: Ball 1-2: Foul Ball, location: 2F 1-2: Strikes out swinging
|
|
Pinch Hitting: RHB Matt Derrien
|
0-0: Ball 1-0: Called Strike 1-1: Called Strike 1-2: Strikes out swinging
|
|
Batting: RHB Rafael Galicia
|
0-0: Called Strike 0-1: Fly out, F9 (Flyball, 89M, EV 88.8 MPH)
|
| Bottom of the 9th over - 0 runs, 0 hits, 0 errors, 0 left on base; Southern Maryland 5 - Chester 2 |
|